Workbook

Sheet Modelo
A1: PLANILHA DE CUSTOS E FORMAÇÃO DE PREÇOS
A2: MODELO PARA A CONSOLIDAÇÃO E APRESENTAÇÃO DE PROPOSTAS
A3: Com ajustes após publicação da Lei n° 13.467, de 2017.
A6: Módulo 1 - Composição da Remuneração
A8: 1 | B8: Composição da Remuneração | C8: Valor (R$)
A9: A | B9: Salário-Base
A10: B | B10: Adicional de Periculosidade
A11: C | B11: Adicional de Insalubridade
A12: D | B12: Adicional Noturno
A13: E | B13: Adicional de Hora Noturna Reduzida
A15: G | B15: Outros (especificar)
A16: Total
A19: Módulo 2 - Encargos e Benefícios Anuais, Mensais e Diários
A21: Submódulo 2.1 - 13º (décimo terceiro) Salário, Férias e Adicional de Férias
A23: 2.1 | B23: 13º (décimo terceiro) Salário, Férias e Adicional de Férias | C23: Valor (R$)
A24: A | B24: 13º (décimo terceiro) Salário
A25: B | B25: Férias e Adicional de Férias
A26: Total
A29: Submódulo 2.2 - Encargos Previdenciários (GPS), Fundo de Garantia por Tempo de Serviço (FGTS) e outras contribuições.
A31: 2.2 | B31: GPS, FGTS e outras contribuições | C31: Percentual (%) | D31: Valor (R$)
A32: A | B32: INSS | C32: 0.2
A33: B | B33: Salário Educação | C33: 0.025
A34: C | B34: SAT
A35: D | B35: SESC ou SESI | C35: 0.015
A36: E | B36: SENAI - SENAC | C36: 0.01
A37: F | B37: SEBRAE | C37: 0.006
A38: G | B38: INCRA | C38: 0.002
A39: H | B39: FGTS | C39: 0.08
A40: Total
A43: Submódulo 2.3 - Benefícios Mensais e Diários.
A45: 2.3 | B45: Benefícios Mensais e Diários | C45: Valor (R$)
A46: A | B46: Transporte
A47: B | B47: Auxílio-Refeição/Alimentação
A48: C | B48: Benefício xxx
A49: D | B49: Outros (especificar)
A50: Total
A53: Quadro-Resumo do Módulo 2 - Encargos e Benefícios anuais, mensais e diários
A55: 2 | B55: Encargos e Benefícios Anuais, Mensais e Diários | C55: Valor (R$)
A56: 2.1 | B56: 13º (décimo terceiro) Salário, Férias e Adicional de Férias
A57: 2.2 | B57: GPS, FGTS e outras contribuições
A58: 2.3 | B58: Benefícios Mensais e Diários
A59: Total
A62: Módulo 3 - Provisão para Rescisão
A64: 3 | B64: Provisão para Rescisão | C64: Valor (R$)
A65: A | B65: Aviso Prévio Indenizado
A66: B | B66: Incidência do FGTS sobre o Aviso Prévio Indenizado
A67: C | B67: Multa do FGTS e contribuição social sobre o Aviso Prévio Indenizado
A68: D | B68: Aviso Prévio Trabalhado
A69: E | B69: Incidência dos encargos do submódulo 2.2 sobre o Aviso Prévio Trabalhado
A70: F | B70: Multa do FGTS e contribuição social sobre o Aviso Prévio Trabalhado
A71: Total
A74: Módulo 4 - Custo de Reposição do Profissional Ausente
A77: Submódulo 4.1 - Ausências Legais
A79: 4.1 | B79: Ausências Legais | C79: Valor (R$)
A80: A | B80: Férias
A81: B | B81: Ausências Legais
A82: C | B82: Licença-Paternidade
A83: D | B83: Ausência por acidente de trabalho
A84: E | B84: Afastamento Maternidade
A85: F | B85: Outros (especificar)
A86: Total
A89: Submódulo 4.2 - Intrajornada
A91: 4.2 | B91: Intrajornada | C91: Valor (R$)
A92: A | B92: Intervalo para repouso e alimentação
A93: Total
A96: Quadro-Resumo do Módulo 4 - Custo de Reposição do Profissional Ausente
A98: 4 | B98: Custo de Reposição do Profissional Ausente | C98: Valor (R$)
A99: 4.1 | B99: Ausências Legais
A100: 4.2 | B100: Intrajornada
A101: Total
A104: Módulo 5 - Insumos Diversos
A106: 5 | B106: Insumos Diversos | C106: Valor (R$)
A107: A | B107: Uniformes
A108: B | B108: Materiais
A109: C | B109: Equipamentos
A110: D | B110: Outros (especificar)
A111: Total
A114: Módulo 6 - Custos Indiretos, Tributos e Lucro
A116: 6 | B116: Custos Indiretos, Tributos e Lucro | C116: Percentual (%) | D116: Valor (R$)
A117: A | B117: Custos Indiretos
A118: B | B118: Lucro
A119: C | B119: Tributos
B120: C.1. Tributos Federais (especificar)
B121: C.2. Tributos Estaduais (especificar)
B122: C.3. Tributos Municipais (especificar)
A123: Total
A126: 2. QUADRO-RESUMO DO CUSTO POR EMPREGADO
B128: Mão de obra vinculada à execução contratual (valor por empregado) | C128: Valor (R$)
A129: A | B129: Módulo 1 - Composição da Remuneração
A130: B | B130: Módulo 2 - Encargos e Benefícios Anuais, Mensais e Diários
A131: C | B131: Módulo 3 - Provisão para Rescisão
A132: D | B132: Módulo 4 - Custo de Reposição do Profissional Ausente
A133: E | B133: Módulo 5 - Insumos Diversos
A134: Subtotal (A + B +C+ D+E)
A135: F | B135: Módulo 6 – Custos Indiretos, Tributos e Lucro
A136: Valor Total por Empregado

Sheet RESUMO
A3: RECEPCIONISTAS
A6: FUNCIONÁRIOS | B6: Preço mensal | C6: postos | D6: N.º de colaboradores | E6: Valor Total Mensal | F6: Valor Total do Contrato (24 meses)
A7: RECEPCIONISTA RIO DE JANEIRO | B7: ='RIO DE JANEIRO'!E116 -> 5754.98 | C7: 5 | D7: 5 | E7: =B7*C7 -> 28774.9 | F7: =E7*24 -> 690597.6
A8: RECEPCIONISTA DUQUE DE CAXIAS | B8: ='DUQUE DE CAXIAS'!E116 -> 5660.09 | C8: 1 | D8: 1 | E8: =B8 -> 5660.09 | F8: =E8*24 -> 135842.16
A9: RECEPCIONISTA NOVA IGUAÇU | B9: ='NOVA IGUAÇU'!E116 -> 5207.93 | C9: 1 | D9: 1 | E9: =B9*D9 -> 5207.93 | F9: =E9*24 -> 124990.32
A10: RECEPCIONISTA PETRÓPOLIS | B10: =PETROPOLIS!E116 -> 5243.19 | C10: 1 | D10: 1 | E10: =B10*D10 -> 5243.19 | F10: =E10*24 -> 125836.56
A11: RECEPCIONISTA CABO FRIO | B11: ='CABO FRIO'!E116 -> 5494.21 | C11: 2 | D11: 2 | E11: =B11*D11 -> 10988.42 | F11: =E11*24 -> 263722.08
A12: RECEPCIONISTA CAMPOS | B12: ='CAMPOS DOS GOYTACASES'!E116 -> 5282.13 | C12: 2 | D12: 2 | E12: =B12*D12 -> 10564.26 | F12: =E12*24 -> 253542.24
A13: Total Mensal | E13: =SUM(E7:E12) -> 66438.79 | F13: =SUM(F7:F12) -> 1594531
A16: RESUMO TOTAL | F16: VALOR DOS POSTOS
A17: VALOR TOTAL MENSAL | F17: =E13 -> 66438.79
A18: VALOR TOTAL 24 MESES | F18: =F17*24 -> 1594531

Sheet RIO DE JANEIRO
A2: PLANILHA DE CUSTOS E FORMAÇÃO DE PREÇOS
A7: A | B7: Data de apresentação da proposta (dia/mês/ano)
A8: B | B8: Município/UF | D8: RIO DE JANEIRO/RJ
A9: C | B9: Ano Acordo, Convenção ou Sentença Normativa em Dissídio Coletivo | D9: 2026/2027
A10: D | B10: Nº de meses de execução contratual | D10: 24
A11: IDENTIFICAÇÃO DOS SERVIÇOS
B12: Unidade de Medida | D12: Posto
B13: Quantidade total a contratar (em função da unidade de medida) | D13: 1
A14: RECEPCIONISTA - RIO DE JANEIRO
A15: Dados complementares para composição dos custos referente à mão-de-obra
A16: 1 | B16: Tipo de serviço (mesmo serviço com características distintas) | D16: RECEPCIONISTA
A17: 2 | B17: Salário Normativo da Categoria Profissional | D17: 1966.52
A18: 3 | B18: Categoria Profissional (vinculada à execução contratual) | D18: RECEPCIONISTA
A19: 4 | B19: Data base da categoria (dia/mês/ano) | D19: 46082
A20: 5 | B20: Regime tributário | D20: LUCRO REAL
A21: MODULO 1: COMPOSIÇÃO DA REMUNERAÇÃO
A22: 1 | B22: Composição da Remuneração | D22: % | E22: Valor (R$)
A23: A | B23: Salário | E23: 1966.52
A24: B | B24: Adicional de periculosidade | D24: 0 | E24: 0
A25: C | B25: Adicional de insalubridade | D25: 0 | E25: 0
A26: D | B26: Adicional noturno | D26: 0 | E26: 0
A27: E | B27: Adicional de hora noturna reduzida | D27: 0 | E27: 0
A28: F | B28: Outros | D28: 0 | E28: =D28*E23 -> 0 | F28: data base da categoria -01/03/2026
A29: TOTAL | E29: =ROUND(SUM(E23:E28),2) -> 1966.52
A30: MÓDULO 2: ENCARGOS E BENEFÍCIOS ANUAIS, MENSAIS E DIÁRIOS
A31: SUBMÓDULO 2.1 - 13º Salário, Férias e Adicional de Férias | D31: % | E31: R$
A32: A | B32: 13º Salário | D32: 0.0833 | E32: =ROUND($E$29*D32,2) -> 163.81
A33: B | B33: Adicional de Férias e Férias | D33: 0.1111 | E33: =ROUND($E$29*D33,2) -> 218.48
A34: Total do Submódulo 2.1 | D34: =SUM(D32:D33) -> 0.1944 | E34: =ROUND($E$29*D34,2) -> 382.29
A36: SUBMÓDULO 2.2 - GPS. FGTS E OUTRAS CONTRIBUIÇÕES | D36: % | E36: R$
A37: A | B37: INSS | D37: 0.2 | E37: =ROUND((E29+E34+E78)*D37,2) -> 476.09
A38: B | B38: Salário Educação | D38: 0.025 | E38: =ROUND((E29+E34+E78)*D38,2) -> 59.51
A39: C | B39: Seguro Acidente de Trabalho - SAT | D39: 0.03 | E39: =ROUND((E29+E34+E78)*D39,2) -> 71.41
A40: D | B40: SESI/SESC | D40: 0.015 | E40: =(E29+E34+E78)*D40 -> 35.70675
A41: E | B41: SENAI/SENAC | D41: 0.01 | E41: =(E29+E34+E78)*D41 -> 23.8045
A42: F | B42: SEBRAE | D42: 0.006 | E42: =(E29+E34+E78)*D42 -> 14.2827
A43: G | B43: INCRA | D43: 0.002 | E43: =(E29+E34+E78)*D43 -> 4.7609
A44: H | B44: FGTS | D44: 0.08 | E44: =ROUND((E29+E34+E78)*D44,2) -> 190.44
A45: TOTAL | D45: =SUM(D37:D44) -> 0.368 | E45: =ROUNDDOWN((SUM(E37:E44)),2) -> 876
A46: SUBMÓDULO 2.3 - BENEFÍCIOS MENSAIS E DIÁRIOS
A47: A | B47: Transporte (R$ 9,4 x 2 x 22 - 6% Salário) | E47: =(9.4*2*22)-6%*D17 -> 295.6088
A48: B | B48: Auxílio Refeição / Alimentação (R$ 27,00 x 22 - 10%) | E48: =(27*22)*0.9 -> 534.6
A49: C | B49: Assistência Médica e Familiar
A50: D | B50: Seguro de vida
A51: E | B51: Benefício Social Familiar | E51: 22.7
A52: F | B52: Outros
A53: TOTAL | E53: =ROUND(SUM(E47:E52),2) -> 852.91
A54: QUADRO - RESUMO DO MÓDULO 2 - ENCARGOS, BENEFÍCIOS ANUAIS, MENSAIS E DIÁRIOS
A55: MÓDULO 2 - ENCARGOS, BENEFÍCIOS ANUAIS, MENSAIS E DIÁRIOS
A56: 2.1 | B56: 13º Salário, Férias e Adicional de Férias | E56: =E34 -> 382.29
A57: 2.2 | B57: GPS. FGTS E OUTRAS CONTRIBUIÇÕES | E57: =E45 -> 876
A58: 2.3 | B58: BENEFÍCIOS MENSAIS E DIÁRIOS | E58: =E53 -> 852.91
B59: TOTAL | E59: =ROUND(SUM(E56:E58),2) -> 2111.2
A61: MÓDULO 3: PROVISÃO PRA RESCISÃO
A62: A | B62: Aviso Prévio Indenizado | D62: 0.00417 | E62: =ROUND($E$29*D62,2) -> 8.2
A63: B | B63: Incidência do FGTS sobre o aviso prévio indenizado. | D63: 0.00033 | E63: =E62*0.08 -> 0.656
A64: C | B64: Multa do FGTS e Constribuição Social do aviso prévio indenizado | D64: 0.0016 | E64: =ROUND($E$29*D64,2) -> 3.15
A65: D | B65: Aviso prévio trabalhado | D65: 0.01944 | E65: =ROUND($E$29*D65,2) -> 38.23
A66: E | B66: Incidência do GPS. FGTS E OUTRAS CONTRIBUIÇÕES sobre aviso prévio trabalhado | D66: =D65*D45 -> 0.00715392 | E66: =E65*D45 -> 14.06864
A67: F | B67: Multa do FGTS e Constribuição Social sobre o prévio trabalhado | D67: 0.032 | E67: =E29*D67 -> 62.92864
A68: TOTAL | D68: =SUM(D62:D67) -> 0.06469392 | E68: =ROUNDUP((SUM(E62:E67)),2) -> 127.24
A70: MÓDULO 4: CUSTO DE REPOSIÇÃO DE PROFISSIONAL AUSENTE
A71: 4.1 | B71: Subustituto nas Ausências Legais | D71: % | E71: R$
A72: A | B72: Subustituto na Cobertura de Férias | D72: 0.00926 | E72: =ROUND($E$29*D72,2) -> 18.21
A73: B | B73: Substituto na Cobertura de Ausencias Legais | D73: 0.00556 | E73: =ROUND($E$29*D73,2) -> 10.93
A74: C | B74: Substituto na Cobertura de Licença paternidade | D74: 0.00028 | E74: =ROUND($E$29*D74,2) -> 0.55
A75: D | B75: Substituto na Cobertura de Ausência por acidente de trabalho | D75: 0.00043 | E75: =ROUND($E$29*D75,2) -> 0.85
A76: E | B76: Substituto na Cobertura de Ausência por Afasdtamento Materinidade | D76: 0.00056 | E76: =ROUND($E$29*D76,2) -> 1.1
A77: F | B77: Substituto na Cobertura de Outras Ausencias (especificar) | D77: 0
A78: Total Submódulo 4.1 | D78: =SUM(D72:D77) -> 0.01609 | E78: =SUM(E72:E77) -> 31.64
A79: 4.2 | B79: Subustituto na Intrajornada | D79: % | E79: R$
A80: A | B80: Intervalo para repouso ou Alimentação | D80: 0 | E80: =ROUND($E$29*D80,2) -> 0
A81: Total Submódulo 4.1 | D81: 0 | E81: =ROUND($E$29*D81,2) -> 0
A83: QUADRO - RESUMO DO MÓDULO 4 - CUSTO DE REPOSIÇÃO DE PROFISSIONAL AUSENTE
A84: MÓDULO 4 - CUSTO DE REPOSIÇÃO DE PROFISSIONAL AUSENTE
A85: 4.1 | B85: Subustituto nas Ausências Legais | E85: =E78 -> 31.64
A86: 4.2 | B86: Subustituto na Intrajornada | E86: =E81 -> 0
B87: TOTAL | E87: =SUM(E85:E86) -> 31.64
A89: MÓDULO 5: INSUMOS DIVERSOS
A90: 5 | B90: Insumos Diversos | E90: Valor (R$)
A91: A | B91: Uniformes | E91: =406.37/12 -> 33.864167
A92: B | B92: Materiais | E92: =26.19/12 -> 2.1825
A93: C | B93: Equipamentos | E93: 0
A94: D | B94: Equipamentos de Proteção Individual | E94: 0
A95: TOTAL | E95: =ROUNDDOWN((SUM(E91:E94)),2) -> 36.04
A97: MÓDULO 6: CUSTOS INDIRETOS, TRIBUTOS E LUCRO
A98: 6 | B98: Custos indiretos, tributos e lucro | D98: % | E98: R$
A99: A | B99: Custos indiretos | D99: 0.05 | E99: =SUM(E29,E59,E68,E87,E95)*D99 -> 213.632
A100: B | B100: Lucro | D100: 0.1 | E100: =(E114+E99)*D100 -> 448.6272
A101: C | B101: Tributos | D101: =SUM(D102:D104) -> 0.1425 | E101: 0
B102: C.1 Tributos Federais PIS | D102: 0.0165 | E102: =SUM(E29,E59,E68,E87,E95,E99,E100)/(1-D101)*D102 -> 94.957244
B103: C.2 Tributos Federais COFINS | D103: 0.076 | E103: =SUM(E29,E59,E68,E87,E95,E99,E100)/(1-D101)*D103 -> 437.37882
B104: C.3 Tributos Municipais (ISS) | D104: 0.05 | E104: =SUM(E29,E59,E68,E87,E95,E99,E100)/(1-D101)*D104 -> 287.74922
A106: TOTAL | D106: =D99+D101+D100 -> 0.2925 | E106: =ROUND(SUM(E99:E104),2) -> 1482.34
A107: Quadro Resumo do Custo por empregado
B108: Mão- de-obra vinculada à execução contratual (valor por empregado) | E108: R$
A109: A | B109: Módulo 1 – Composição da Remuneração | E109: =E29 -> 1966.52
A110: B | B110: Módulo 2 – Encargos e Benefícios Mensais e Diários | E110: =E59 -> 2111.2
A111: C | B111: Módulo 3 – Provisão para Rescição | E111: =E68 -> 127.24
A112: D | B112: Módulo 4 – Custo de Reposição do Profissional Ausente | E112: =E87 -> 31.64
...

Sheet DUQUE DE CAXIAS
A2: PLANILHA DE CUSTOS E FORMAÇÃO DE PREÇOS
A7: A | B7: Data de apresentação da proposta (dia/mês/ano)
A8: B | B8: Município/UF | D8: DUQUE DE CAXIAS/RJ
A9: C | B9: Ano Acordo, Convenção ou Sentença Normativa em Dissídio Coletivo | D9: 2026/2027
A10: D | B10: Nº de meses de execução contratual | D10: 24
A11: IDENTIFICAÇÃO DOS SERVIÇOS
B12: Unidade de Medida | D12: Posto
B13: Quantidade total a contratar (em função da unidade de medida) | D13: 1
A14: RECEPCIONISTA - DUQUE DE CAXIAS
A15: Dados complementares para composição dos custos referente à mão-de-obra
A16: 1 | B16: Tipo de serviço (mesmo serviço com características distintas) | D16: RECEPCIONISTA
A17: 2 | B17: Salário Normativo da Categoria Profissional | D17: 2040.65
A18: 3 | B18: Categoria Profissional (vinculada à execução contratual) | D18: RECEPCIONISTA
A19: 4 | B19: Data base da categoria (dia/mês/ano) | D19: 46113
A20: 5 | B20: Regime tributário | D20: LUCRO REAL
A21: MODULO 1: COMPOSIÇÃO DA REMUNERAÇÃO
A22: 1 | B22: Composição da Remuneração | D22: % | E22: Valor (R$)
A23: A | B23: Salário | E23: 2040.65
A24: B | B24: Adicional de periculosidade | D24: 0 | E24: 0
A25: C | B25: Adicional de insalubridade | D25: 0 | E25: 0
A26: D | B26: Adicional noturno | D26: 0 | E26: 0
A27: E | B27: Adicional de hora noturna reduzida | D27: 0 | E27: 0
A28: F | B28: Outros | D28: 0 | E28: =D28*E23 -> 0
A29: TOTAL | E29: =ROUND(SUM(E23:E28),2) -> 2040.65 | F29: data base da categoria -01/04/2026
A30: MÓDULO 2: ENCARGOS E BENEFÍCIOS ANUAIS, MENSAIS E DIÁRIOS
A31: SUBMÓDULO 2.1 - 13º Salário, Férias e Adicional de Férias | D31: % | E31: R$
A32: A | B32: 13º Salário | D32: 0.0833 | E32: =ROUND($E$29*D32,2) -> 169.99
A33: B | B33: Adicional de Férias e Férias | D33: 0.1111 | E33: =ROUND($E$29*D33,2) -> 226.72
A34: Total do Submódulo 2.1 | D34: =SUM(D32:D33) -> 0.1944 | E34: =ROUNDUP($E$29*D34,2) -> 396.71
A36: SUBMÓDULO 2.2 - GPS. FGTS E OUTRAS CONTRIBUIÇÕES | D36: % | E36: R$
A37: A | B37: INSS | D37: 0.2 | E37: =ROUND((E29+E34+E78)*D37,2) -> 494.04
A38: B | B38: Salário Educação | D38: 0.025 | E38: =ROUND((E29+E34+E78)*D38,2) -> 61.76
A39: C | B39: Seguro Acidente de Trabalho - GILRAT | D39: 0.03 | E39: =ROUND((E29+E34+E78)*D39,2) -> 74.11
A40: D | B40: SESI/SESC | D40: 0.015 | E40: =(E29+E34+E78)*D40 -> 37.053
A41: E | B41: SENAI/SENAC | D41: 0.01 | E41: =(E29+E34+E78)*D41 -> 24.702
A42: F | B42: SEBRAE | D42: 0.006 | E42: =(E29+E34+E78)*D42 -> 14.8212
A43: G | B43: INCRA | D43: 0.002 | E43: =(E29+E34+E78)*D43 -> 4.9404
A44: H | B44: FGTS | D44: 0.08 | E44: =ROUND((E29+E34+E78)*D44,2) -> 197.62
A45: TOTAL | D45: =SUM(D37:D44) -> 0.368 | E45: =SUM(E37:E44) -> 909.0466
A46: SUBMÓDULO 2.3 - BENEFÍCIOS MENSAIS E DIÁRIOS
A47: A | B47: Transporte (R$ 5,00 x 2 x 22 - 6% Salário) | E47: =(5*2*22)-6%*D17 -> 97.561
A48: B | B48: Auxílio Refeição / Alimentação (R$ 27,00 x 22 - 10%) | E48: =(27*22)*0.9 -> 534.6
A49: C | B49: Assistência Médica e Familiar | E49: 0
A50: D | B50: Seguro de vida | E50: 0
A51: E | B51: Benefício Social Familiar | E51: 22.7
A52: F | B52: Outros
A53: TOTAL | E53: =ROUND(SUM(E47:E52),2) -> 654.86
A54: QUADRO - RESUMO DO MÓDULO 2 - ENCARGOS, BENEFÍCIOS ANUAIS, MENSAIS E DIÁRIOS
A55: MÓDULO 2 - ENCARGOS, BENEFÍCIOS ANUAIS, MENSAIS E DIÁRIOS
A56: 2.1 | B56: 13º Salário, Férias e Adicional de Férias | E56: =E34 -> 396.71
A57: 2.2 | B57: GPS. FGTS E OUTRAS CONTRIBUIÇÕES | E57: =E45 -> 909.0466
A58: 2.3 | B58: BENEFÍCIOS MENSAIS E DIÁRIOS | E58: =E53 -> 654.86
B59: TOTAL | E59: =ROUNDUP(SUM(E56:E58),2) -> 1960.62
A61: MÓDULO 3: PROVISÃO PRA RESCISÃO
A62: A | B62: Aviso Prévio Indenizado | D62: 0.00417 | E62: =ROUND($E$29*D62,2) -> 8.51
A63: B | B63: Incidência do FGTS sobre o aviso prévio indenizado. | D63: 0.00033 | E63: =E62*0.08 -> 0.6808
A64: C | B64: Multa do FGTS e Constribuição Social do aviso prévio indenizado | D64: 0.0016 | E64: =ROUND($E$29*D64,2) -> 3.27
A65: D | B65: Aviso prévio trabalhado | D65: 0.01944 | E65: =ROUND($E$29*D65,2) -> 39.67
A66: E | B66: Incidência do GPS. FGTS E OUTRAS CONTRIBUIÇÕES sobre aviso prévio trabalhado | D66: =D65*D45 -> 0.00715392 | E66: =E65*D45 -> 14.59856
A67: F | B67: Multa do FGTS e Constribuição Social sobre o prévio trabalhado | D67: 0.032 | E67: =E29*D67 -> 65.3008
A68: TOTAL | D68: =SUM(D62:D67) -> 0.06469392 | E68: =SUM(E62:E67) -> 132.03016
A70: MÓDULO 4: CUSTO DE REPOSIÇÃO DE PROFISSIONAL AUSENTE
A71: 4.1 | B71: Subustituto nas Ausências Legais | D71: % | E71: R$
A72: A | B72: Subustituto na Cobertura de Férias | D72: 0.00926 | E72: =ROUND($E$29*D72,2) -> 18.9
A73: B | B73: Substituto na Cobertura de Ausencias Legais | D73: 0.00556 | E73: =ROUND($E$29*D73,2) -> 11.35
A74: C | B74: Substituto na Cobertura de Licença paternidade | D74: 0.00028 | E74: =ROUND($E$29*D74,2) -> 0.57
A75: D | B75: Substituto na Cobertura de Ausência por acidente de trabalho | D75: 0.00043 | E75: =ROUND($E$29*D75,2) -> 0.88
A76: E | B76: Substituto na Cobertura de Ausência por Afasdtamento Materinidade | D76: 0.00056 | E76: =ROUND($E$29*D76,2) -> 1.14
A77: F | B77: Substituto na Cobertura de Outras Ausencias (especificar) | D77: 0 | E77: =ROUND($E$29*D77,2) -> 0
A78: Total Submódulo 4.1 | D78: =SUM(D72:D77) -> 0.01609 | E78: =SUM(E72:E77) -> 32.84
A79: 4.2 | B79: Subustituto na Intrajornada | D79: % | E79: R$
A80: A | B80: Intervalo para repouso ou Alimentação | D80: 0 | E80: =ROUND($E$29*D80,2) -> 0
A81: Total Submódulo 4.1 | D81: 0 | E81: =ROUND($E$29*D81,2) -> 0
A83: QUADRO - RESUMO DO MÓDULO 4 - CUSTO DE REPOSIÇÃO DE PROFISSIONAL AUSENTE
A84: MÓDULO 4 - CUSTO DE REPOSIÇÃO DE PROFISSIONAL AUSENTE
A85: 4.1 | B85: Subustituto nas Ausências Legais | E85: =E78 -> 32.84
A86: 4.2 | B86: Subustituto na Intrajornada | E86: =E81 -> 0
B87: TOTAL | E87: =SUM(E85:E86) -> 32.84
A89: MÓDULO 5: INSUMOS DIVERSOS
A90: 5 | B90: Insumos Diversos | E90: Valor (R$)
A91: A | B91: Uniformes | E91: ='RIO DE JANEIRO'!E91 -> 33.864167
A92: B | B92: Materiais | E92: ='RIO DE JANEIRO'!E92 -> 2.1825
A93: C | B93: Equipamentos | E93: 0
A94: D | B94: Equipamentos de Proteção Individual | E94: 0
A95: TOTAL | E95: =SUM(E91:E94) -> 36.046667
A97: MÓDULO 6: CUSTOS INDIRETOS, TRIBUTOS E LUCRO
A98: 6 | B98: Custos indiretos, tributos e lucro | D98: % | E98: R$
A99: A | B99: Custos indiretos | D99: 0.05 | E99: =SUM(E29,E59,E68,E87,E95)*D99 -> 210.10934
A100: B | B100: Lucro | D100: 0.1 | E100: =(E114+E99)*D100 -> 441.22962
A101: C | B101: Tributos | D101: =SUM(D102:D104) -> 0.1425 | E101: 0
B102: C.1 Tributos Federais PIS | D102: 0.0165 | E102: =SUM(E29,E59,E68,E87,E95,E99,E100)/(1-D101)*D102 -> 93.391458
B103: C.2 Tributos Federais COFINS | D103: 0.076 | E103: =SUM(E29,E59,E68,E87,E95,E99,E100)/(1-D101)*D103 -> 430.16672
B104: C.3 Tributos Municipais (ISS) | D104: 0.05 | E104: =SUM(E29,E59,E68,E87,E95,E99,E100)/(1-D101)*D104 -> 283.00442
A106: TOTAL | D106: =D99+D101+D100 -> 0.2925 | E106: =ROUND(SUM(E99:E104),2) -> 1457.9
A107: Quadro Resumo do Custo por empregado
B108: Mão- de-obra vinculada à execução contratual (valor por empregado) | E108: R$
A109: A | B109: Módulo 1 – Composição da Remuneração | E109: =E29 -> 2040.65
A110: B | B110: Módulo 2 – Encargos e Benefícios Mensais e Diários | E110: =E59 -> 1960.62
A111: C | B111: Módulo 3 – Provisão para Rescição | E111: =E68 -> 132.03016
A112: D | B112: Módulo 4 – Custo de Reposição do Profissional Ausente | E112: =E87 -> 32.84
...

Sheet NOVA IGUAÇU
A2: PLANILHA DE CUSTOS E FORMAÇÃO DE PREÇOS
A7: A | B7: Data de apresentação da proposta (dia/mês/ano)
A8: B | B8: Município/UF | D8: NOVA IGUAÇU/RJ
A9: C | B9: Ano Acordo, Convenção ou Sentença Normativa em Dissídio Coletivo | D9: 2025/2026
A10: D | B10: Nº de meses de execução contratual | D10: 24
A11: IDENTIFICAÇÃO DOS SERVIÇOS
B12: Unidade de Medida | D12: Posto
B13: Quantidade total a contratar (em função da unidade de medida) | D13: 1
A14: RECEPCIONISTA - NOVA IGUAÇU
A15: Dados complementares para composição dos custos referente à mão-de-obra
A16: 1 | B16: Tipo de serviço (mesmo serviço com características distintas) | D16: RECEPCIONISTA
A17: 2 | B17: Salário Normativo da Categoria Profissional | D17: 1837.87
A18: 3 | B18: Categoria Profissional (vinculada à execução contratual) | D18: RECEPCIONISTA
A19: 4 | B19: Data base da categoria (dia/mês/ano) | D19: 45717
A20: 5 | B20: Regime tributário | D20: LUCRO REAL
A21: MODULO 1: COMPOSIÇÃO DA REMUNERAÇÃO
A22: 1 | B22: Composição da Remuneração | D22: % | E22: Valor (R$)
A23: A | B23: Salário | E23: 1837.87
A24: B | B24: Adicional de periculosidade | D24: 0 | E24: 0
A25: C | B25: Adicional de insalubridade | D25: 0 | E25: 0
A26: D | B26: Adicional noturno | D26: 0 | E26: 0
A27: E | B27: Adicional de hora noturna reduzida | D27: 0 | E27: 0
A28: F | B28: Outros | D28: 0 | E28: =D28*E23 -> 0
A29: TOTAL | E29: =ROUND(SUM(E23:E28),2) -> 1837.87
A30: MÓDULO 2: ENCARGOS E BENEFÍCIOS ANUAIS, MENSAIS E DIÁRIOS
A31: SUBMÓDULO 2.1 - 13º Salário, Férias e Adicional de Férias | D31: % | E31: R$
A32: A | B32: 13º Salário | D32: 0.0833 | E32: =ROUND($E$29*D32,2) -> 153.09
A33: B | B33: Adicional de Férias e Férias | D33: 0.1111 | E33: =ROUND($E$29*D33,2) -> 204.19
A34: Total do Submódulo 2.1 | D34: =SUM(D32:D33) -> 0.1944 | E34: =ROUND($E$29*D34,2) -> 357.28
A36: SUBMÓDULO 2.2 - GPS. FGTS E OUTRAS CONTRIBUIÇÕES | D36: % | E36: R$
A37: A | B37: INSS | D37: 0.2 | E37: =ROUND((E29+E34+E78)*D37,2) -> 444.94
A38: B | B38: Salário Educação | D38: 0.025 | E38: =ROUND((E29+E34+E78)*D38,2) -> 55.62
A39: C | B39: Seguro Acidente de Trabalho - SAT | D39: 0.03 | E39: =ROUND((E29+E34+E78)*D39,2) -> 66.74
A40: D | B40: SESI/SESC | D40: 0.015 | E40: =(E29+E34+E78)*D40 -> 33.3708
A41: E | B41: SENAI/SENAC | D41: 0.01 | E41: =(E29+E34+E78)*D41 -> 22.2472
A42: F | B42: SEBRAE | D42: 0.006 | E42: =(E29+E34+E78)*D42 -> 13.34832
A43: G | B43: INCRA | D43: 0.002 | E43: =(E29+E34+E78)*D43 -> 4.44944
A44: H | B44: FGTS | D44: 0.08 | E44: =ROUND((E29+E34+E78)*D44,2) -> 177.98
A45: TOTAL | D45: =SUM(D37:D44) -> 0.368 | E45: =ROUNDUP((SUM(E37:E44)),2) -> 818.7
A46: SUBMÓDULO 2.3 - BENEFÍCIOS MENSAIS E DIÁRIOS
A47: A | B47: Transporte (R$ 5,95 x 2 x 22 - 6% Salário) | E47: =(5.95*2*22)-(6%*D17) -> 151.5278
A48: B | B48: Auxílio Refeição / Alimentação (R$ 25,00 x 22 - 10%) | E48: =(25*22)*0.9 -> 495
A49: C | B49: Assistência Médica e Familiar | E49: 0
A50: D | B50: Seguro de vida | E50: 0
A51: E | B51: Benefício Social Familiar | E51: 21.6
A52: F | B52: Outros
A53: TOTAL | E53: =ROUND(SUM(E47:E52),2) -> 668.13
A54: QUADRO - RESUMO DO MÓDULO 2 - ENCARGOS, BENEFÍCIOS ANUAIS, MENSAIS E DIÁRIOS
A55: MÓDULO 2 - ENCARGOS, BENEFÍCIOS ANUAIS, MENSAIS E DIÁRIOS
A56: 2.1 | B56: 13º Salário, Férias e Adicional de Férias | E56: =E34 -> 357.28
A57: 2.2 | B57: GPS. FGTS E OUTRAS CONTRIBUIÇÕES | E57: =E45 -> 818.7
A58: 2.3 | B58: BENEFÍCIOS MENSAIS E DIÁRIOS | E58: =E53 -> 668.13
B59: TOTAL | E59: =ROUND(SUM(E56:E58),2) -> 1844.11
A61: MÓDULO 3: PROVISÃO PRA RESCISÃO
A62: A | B62: Aviso Prévio Indenizado | D62: 0.00417 | E62: =ROUND($E$29*D62,2) -> 7.66
A63: B | B63: Incidência do FGTS sobre o aviso prévio indenizado. | D63: 0.00033 | E63: =E62*0.08 -> 0.6128
A64: C | B64: Multa do FGTS e Constribuição Social do aviso prévio indenizado | D64: 0.0016 | E64: =ROUND($E$29*D64,2) -> 2.94
A65: D | B65: Aviso prévio trabalhado | D65: 0.01944 | E65: =ROUND($E$29*D65,2) -> 35.73
A66: E | B66: Incidência do GPS. FGTS E OUTRAS CONTRIBUIÇÕES sobre aviso prévio trabalhado | D66: =D45*D65 -> 0.00715392 | E66: =E65*D45 -> 13.14864
A67: F | B67: Multa do FGTS e Constribuição Social sobre o prévio trabalhado | D67: 0.032 | E67: =E29*D67 -> 58.81184
A68: TOTAL | D68: =SUM(D62:D67) -> 0.06469392 | E68: =SUM(E62:E67) -> 118.90328
A70: MÓDULO 4: CUSTO DE REPOSIÇÃO DE PROFISSIONAL AUSENTE
A71: 4.1 | B71: Subustituto nas Ausências Legais | D71: % | E71: R$
A72: A | B72: Subustituto na Cobertura de Férias | D72: 0.00926 | E72: =ROUND($E$29*D72,2) -> 17.02
A73: B | B73: Substituto na Cobertura de Ausencias Legais | D73: 0.00556 | E73: =ROUND($E$29*D73,2) -> 10.22
A74: C | B74: Substituto na Cobertura de Licença paternidade | D74: 0.00028 | E74: =ROUND($E$29*D74,2) -> 0.51
A75: D | B75: Substituto na Cobertura de Ausência por acidente de trabalho | D75: 0.00043 | E75: =ROUND($E$29*D75,2) -> 0.79
A76: E | B76: Substituto na Cobertura de Ausência por Afasdtamento Materinidade | D76: 0.00056 | E76: =ROUND($E$29*D76,2) -> 1.03
A77: F | B77: Substituto na Cobertura de Outras Ausencias (especificar) | D77: 0 | E77: =ROUND($E$29*D77,2) -> 0
A78: Total Submódulo 4.1 | D78: =SUM(D72:D77) -> 0.01609 | E78: =SUM(E72:E77) -> 29.57
A79: 4.2 | B79: Subustituto na Intrajornada | D79: % | E79: R$
A80: A | B80: Intervalo para repouso ou Alimentação | D80: 0 | E80: =ROUND($E$29*D80,2) -> 0
A81: Total Submódulo 4.1 | D81: 0 | E81: =ROUND($E$29*D81,2) -> 0
A83: QUADRO - RESUMO DO MÓDULO 4 - CUSTO DE REPOSIÇÃO DE PROFISSIONAL AUSENTE
A84: MÓDULO 4 - CUSTO DE REPOSIÇÃO DE PROFISSIONAL AUSENTE
A85: 4.1 | B85: Subustituto nas Ausências Legais | E85: =E78 -> 29.57
A86: 4.2 | B86: Subustituto na Intrajornada | E86: =E81 -> 0
B87: TOTAL | E87: =SUM(E85:E86) -> 29.57
A89: MÓDULO 5: INSUMOS DIVERSOS
A90: 5 | B90: Insumos Diversos | E90: Valor (R$)
A91: A | B91: Uniformes | E91: =406.37/12 -> 33.864167
A92: B | B92: Materiais | E92: =26.19/12 -> 2.1825
A93: C | B93: Equipamentos | E93: 0
A94: D | B94: Equipamentos de Proteção Individual | E94: 0
A95: TOTAL | E95: =ROUNDDOWN((SUM(E91:E94)),2) -> 36.04
A97: MÓDULO 6: CUSTOS INDIRETOS, TRIBUTOS E LUCRO
A98: 6 | B98: Custos indiretos, tributos e lucro | D98: % | E98: R$
A99: A | B99: Custos indiretos | D99: 0.05 | E99: =SUM(E29,E59,E68,E87,E95)*D99 -> 193.32466
A100: B | B100: Lucro | D100: 0.1 | E100: =(E114+E99)*D100 -> 405.98179
A101: C | B101: Tributos | D101: =SUM(D102:D104) -> 0.1425 | E101: 0
B102: C.1 Tributos Federais PIS | D102: 0.0165 | E102: =SUM(E29,E59,E68,E87,E95,E99,E100)/(1-D101)*D102 -> 85.93084
B103: C.2 Tributos Federais COFINS | D103: 0.076 | E103: =SUM(E29,E59,E68,E87,E95,E99,E100)/(1-D101)*D103 -> 395.80266
B104: C.3 Tributos Municipais (ISS) | D104: 0.05 | E104: =SUM(E29,E59,E68,E87,E95,E99,E100)/(1-D101)*D104 -> 260.39649
A106: TOTAL | D106: =D99+D101+D100 -> 0.2925 | E106: =ROUND(SUM(E99:E104),2) -> 1341.44
A107: Quadro Resumo do Custo por empregado
B108: Mão- de-obra vinculada à execução contratual (valor por empregado) | E108: R$
A109: A | B109: Módulo 1 – Composição da Remuneração | E109: =E29 -> 1837.87
A110: B | B110: Módulo 2 – Encargos e Benefícios Mensais e Diários | E110: =E59 -> 1844.11
A111: C | B111: Módulo 3 – Provisão para Rescição | E111: =E68 -> 118.90328
A112: D | B112: Módulo 4 – Custo de Reposição do Profissional Ausente | E112: =E87 -> 29.57
...

Sheet PETROPOLIS
A2: PLANILHA DE CUSTOS E FORMAÇÃO DE PREÇOS
A7: A | B7: Data de apresentação da proposta (dia/mês/ano)
A8: B | B8: Município/UF | D8: PETRÓPOLIS/RJ
A9: C | B9: Ano Acordo, Convenção ou Sentença Normativa em Dissídio Coletivo | D9: 2026/2027
A10: D | B10: Nº de meses de execução contratual | D10: 24
A11: IDENTIFICAÇÃO DOS SERVIÇOS
B12: Unidade de Medida | D12: Posto
B13: Quantidade total a contratar (em função da unidade de medida) | D13: 1
A14: RECEPCIONISTA - PETRÓPOLIS
A15: Dados complementares para composição dos custos referente à mão-de-obra
A16: 1 | B16: Tipo de serviço (mesmo serviço com características distintas) | D16: RECEPCIONISTA
A17: 2 | B17: Salário Normativo da Categoria Profissional | D17: 1912.45
A18: 3 | B18: Categoria Profissional (vinculada à execução contratual) | D18: RECEPCIONISTA
A19: 4 | B19: Data base da categoria (dia/mês/ano) | D19: 46143
A20: 5 | B20: Regime tributário | D20: LUCRO REAL
A21: MODULO 1: COMPOSIÇÃO DA REMUNERAÇÃO
A22: 1 | B22: Composição da Remuneração | D22: % | E22: Valor (R$)
A23: A | B23: Salário | E23: 1912.45
A24: B | B24: Adicional de periculosidade | D24: 0 | E24: 0
A25: C | B25: Adicional de insalubridade | D25: 0 | E25: 0
A26: D | B26: Adicional noturno | D26: 0 | E26: 0
A27: E | B27: Adicional de hora noturna reduzida | D27: 0 | E27: 0
A28: F | B28: Outros | D28: 0 | E28: =D28*E23 -> 0
A29: TOTAL | E29: =ROUND(SUM(E23:E28),2) -> 1912.45 | F29: data base da categoria - 01/05/2026
A30: MÓDULO 2: ENCARGOS E BENEFÍCIOS ANUAIS, MENSAIS E DIÁRIOS
A31: SUBMÓDULO 2.1 - 13º Salário, Férias e Adicional de Férias | D31: % | E31: R$
A32: A | B32: 13º Salário | D32: 0.0833 | E32: =ROUND($E$29*D32,2) -> 159.31
A33: B | B33: Adicional de Férias e Férias | D33: 0.1111 | E33: =ROUND($E$29*D33,2) -> 212.47
A34: Total do Submódulo 2.1 | D34: =SUM(D32:D33) -> 0.1944 | E34: =ROUND($E$29*D34,2) -> 371.78
A36: SUBMÓDULO 2.2 - GPS. FGTS E OUTRAS CONTRIBUIÇÕES | D36: % | E36: R$
A37: A | B37: INSS | D37: 0.2 | E37: =ROUND((E29+E34+E78)*D37,2) -> 463
A38: B | B38: Salário Educação | D38: 0.025 | E38: =ROUND((E29+E34+E78)*D38,2) -> 57.88
A39: C | B39: Seguro Acidente de Trabalho -GILRAT | D39: 0.03 | E39: =ROUND((E29+E34+E78)*D39,2) -> 69.45
A40: D | B40: SESI/SESC | D40: 0.015 | E40: =(E29+E34+E78)*D40 -> 34.725
A41: E | B41: SENAI/SENAC | D41: 0.01 | E41: =(E29+E34+E78)*D41 -> 23.15
A42: F | B42: SEBRAE | D42: 0.006 | E42: =(E29+E34+E78)*D42 -> 13.89
A43: G | B43: INCRA | D43: 0.002 | E43: =(E29+E34+E78)*D43 -> 4.63
A44: H | B44: FGTS | D44: 0.08 | E44: =ROUND((E29+E34+E78)*D44,2) -> 185.2
A45: TOTAL | D45: =SUM(D37:D44) -> 0.368 | E45: =SUM(E37:E44) -> 851.925
A46: SUBMÓDULO 2.3 - BENEFÍCIOS MENSAIS E DIÁRIOS
A47: A | B47: Transporte (R$ 5,9 x 2 x 22 - 6% Salário) | E47: =((5.9*2*22)-6%*D17) -> 144.853
A48: B | B48: Auxílio Refeição / Alimentação (R$ 27,00 x 22 - 10%) | E48: =(27*22)*0.9 -> 534.6
A49: C | B49: Assistência Médica e Familiar | E49: 0
A50: D | B50: Seguro de vida | E50: 0
A51: E | B51: Benefício Social Familiar | E51: 22.7
A52: F | B52: Outros
A53: TOTAL | E53: =ROUND(SUM(E47:E52),2) -> 702.15
A54: QUADRO - RESUMO DO MÓDULO 2 - ENCARGOS, BENEFÍCIOS ANUAIS, MENSAIS E DIÁRIOS
A55: MÓDULO 2 - ENCARGOS, BENEFÍCIOS ANUAIS, MENSAIS E DIÁRIOS
A56: 2.1 | B56: 13º Salário, Férias e Adicional de Férias | E56: =E34 -> 371.78
A57: 2.2 | B57: GPS. FGTS E OUTRAS CONTRIBUIÇÕES | E57: =E45 -> 851.925
A58: 2.3 | B58: BENEFÍCIOS MENSAIS E DIÁRIOS | E58: =E53 -> 702.15
B59: TOTAL | E59: =ROUND(SUM(E56:E58),2) -> 1925.86
A61: MÓDULO 3: PROVISÃO PRA RESCISÃO
A62: A | B62: Aviso Prévio Indenizado | D62: 0.00417 | E62: =ROUND($E$29*D62,2) -> 7.97
A63: B | B63: Incidência do FGTS sobre o aviso prévio indenizado. | D63: 0.00033 | E63: =E62*0.08 -> 0.6376
A64: C | B64: Multa do FGTS e Constribuição Social do aviso prévio indenizado | D64: 0.0016 | E64: =ROUND($E$29*D64,2) -> 3.06
A65: D | B65: Aviso prévio trabalhado | D65: 0.01944 | E65: =ROUND($E$29*D65,2) -> 37.18
A66: E | B66: Incidência do GPS. FGTS E OUTRAS CONTRIBUIÇÕES sobre aviso prévio trabalhado | D66: =D65*D45 -> 0.00715392 | E66: =E65*D45 -> 13.68224
A67: F | B67: Multa do FGTS e Constribuição Social sobre o prévio trabalhado | D67: 0.032 | E67: =E29*D67 -> 61.1984
A68: TOTAL | D68: =SUM(D62:D67) -> 0.06469392 | E68: =SUM(E62:E67) -> 123.72824
A70: MÓDULO 4: CUSTO DE REPOSIÇÃO DE PROFISSIONAL AUSENTE
A71: 4.1 | B71: Subustituto nas Ausências Legais | D71: % | E71: R$
A72: A | B72: Subustituto na Cobertura de Férias | D72: 0.00926 | E72: =ROUND($E$29*D72,2) -> 17.71
A73: B | B73: Substituto na Cobertura de Ausencias Legais | D73: 0.00556 | E73: =ROUND($E$29*D73,2) -> 10.63
A74: C | B74: Substituto na Cobertura de Licença paternidade | D74: 0.00028 | E74: =ROUND($E$29*D74,2) -> 0.54
A75: D | B75: Substituto na Cobertura de Ausência por acidente de trabalho | D75: 0.00043 | E75: =ROUND($E$29*D75,2) -> 0.82
A76: E | B76: Substituto na Cobertura de Ausência por Afasdtamento Materinidade | D76: 0.00056 | E76: =ROUND($E$29*D76,2) -> 1.07
A77: F | B77: Substituto na Cobertura de Outras Ausencias (especificar) | D77: 0 | E77: =ROUND($E$29*D77,2) -> 0
A78: Total Submódulo 4.1 | D78: =SUM(D72:D77) -> 0.01609 | E78: =SUM(E72:E77) -> 30.77
A79: 4.2 | B79: Subustituto na Intrajornada | D79: % | E79: R$
A80: A | B80: Intervalo para repouso ou Alimentação | D80: 0 | E80: =ROUND($E$29*D80,2) -> 0
A81: Total Submódulo 4.1 | D81: 0 | E81: =ROUND($E$29*D81,2) -> 0
A83: QUADRO - RESUMO DO MÓDULO 4 - CUSTO DE REPOSIÇÃO DE PROFISSIONAL AUSENTE
A84: MÓDULO 4 - CUSTO DE REPOSIÇÃO DE PROFISSIONAL AUSENTE
A85: 4.1 | B85: Subustituto nas Ausências Legais | E85: =E78 -> 30.77
A86: 4.2 | B86: Subustituto na Intrajornada | E86: =E81 -> 0
B87: TOTAL | E87: =SUM(E85:E86) -> 30.77
A89: MÓDULO 5: INSUMOS DIVERSOS
A90: 5 | B90: Insumos Diversos | E90: Valor (R$)
A91: A | B91: Uniformes | E91: ='NOVA IGUAÇU'!E91 -> 33.864167
A92: B | B92: Materiais | E92: ='NOVA IGUAÇU'!E92 -> 2.1825
A93: C | B93: Equipamentos | E93: 0
A94: D | B94: Equipamentos de Proteção Individual | E94: 0
A95: TOTAL | E95: =SUM(E91:E94) -> 36.046667
A97: MÓDULO 6: CUSTOS INDIRETOS, TRIBUTOS E LUCRO
A98: 6 | B98: Custos indiretos, tributos e lucro | D98: % | E98: R$
A99: A | B99: Custos indiretos | D99: 0.05 | E99: =SUM(E29,E59,E68,E87,E95)*D99 -> 201.44275
A100: B | B100: Lucro | D100: 0.1 | E100: =(E114+E99)*D100 -> 423.02977
A101: C | B101: Tributos | D101: =SUM(D102:D104) -> 0.1125 | E101: 0
B102: C.1 Tributos Federais PIS | D102: 0.0165 | E102: =SUM(E29,E59,E68,E87,E95,E99,E100)/(1-D101)*D102 -> 86.512566
B103: C.2 Tributos Federais COFINS | D103: 0.076 | E103: =SUM(E29,E59,E68,E87,E95,E99,E100)/(1-D101)*D103 -> 398.48212
B104: C.3 Tributos Municipais (ISS) | D104: 0.02 | E104: =SUM(E29,E59,E68,E87,E95,E99,E100)/(1-D101)*D104 -> 104.86372
A106: TOTAL | D106: =D99+D101+D100 -> 0.2625 | E106: =ROUND(SUM(E99:E104),2) -> 1214.33
A107: Quadro Resumo do Custo por empregado
B108: Mão- de-obra vinculada à execução contratual (valor por empregado) | E108: R$
A109: A | B109: Módulo 1 – Composição da Remuneração | E109: =E29 -> 1912.45
A110: B | B110: Módulo 2 – Encargos e Benefícios Mensais e Diários | E110: =E59 -> 1925.86
A111: C | B111: Módulo 3 – Provisão para Rescição | E111: =E68 -> 123.72824
A112: D | B112: Módulo 4 – Custo de Reposição do Profissional Ausente | E112: =E87 -> 30.77
...

Sheet CABO FRIO
A2: PLANILHA DE CUSTOS E FORMAÇÃO DE PREÇOS
A7: A | B7: Data de apresentação da proposta (dia/mês/ano)
A8: B | B8: Município/UF | D8: CABO FRIO/RJ
A9: C | B9: Ano Acordo, Convenção ou Sentença Normativa em Dissídio Coletivo | D9: 2026/2027
A10: D | B10: Nº de meses de execução contratual | D10: 24
A11: IDENTIFICAÇÃO DOS SERVIÇOS
B12: Unidade de Medida | D12: Posto
B13: Quantidade total a contratar (em função da unidade de medida) | D13: 1
A14: RECEPCIONISTA - CABO FRIO
A15: Dados complementares para composição dos custos referente à mão-de-obra
A16: 1 | B16: Tipo de serviço (mesmo serviço com características distintas) | D16: RECEPCIONISTA
A17: 2 | B17: Salário Normativo da Categoria Profissional | D17: 1966.52
A18: 3 | B18: Categoria Profissional (vinculada à execução contratual) | D18: RECEPCIONISTA
A19: 4 | B19: Data base da categoria (dia/mês/ano) | D19: 46082
A20: 5 | B20: Regime tributário | D20: LUCRO REAL
A21: MODULO 1: COMPOSIÇÃO DA REMUNERAÇÃO
A22: 1 | B22: Composição da Remuneração | D22: % | E22: Valor (R$)
A23: A | B23: Salário | E23: 1966.52
A24: B | B24: Adicional de periculosidade | D24: 0 | E24: 0
A25: C | B25: Adicional de insalubridade | D25: 0 | E25: 0
A26: D | B26: Adicional noturno | D26: 0 | E26: 0
A27: E | B27: Adicional de hora noturna reduzida | D27: 0 | E27: 0
A28: F | B28: Outros | D28: 0 | E28: =D28*E23 -> 0 | F28: data base da categoria - 01/03/2026
A29: TOTAL | E29: =ROUND(SUM(E23:E28),2) -> 1966.52
A30: MÓDULO 2: ENCARGOS E BENEFÍCIOS ANUAIS, MENSAIS E DIÁRIOS
A31: SUBMÓDULO 2.1 - 13º Salário, Férias e Adicional de Férias | D31: % | E31: R$
A32: A | B32: 13º Salário | D32: 0.0833 | E32: =ROUND($E$29*D32,2) -> 163.81
A33: B | B33: Adicional de Férias e Férias | D33: 0.1111 | E33: =ROUND($E$29*D33,2) -> 218.48
A34: Total do Submódulo 2.1 | D34: =SUM(D32:D33) -> 0.1944 | E34: =ROUND($E$29*D34,2) -> 382.29
A36: SUBMÓDULO 2.2 - GPS. FGTS E OUTRAS CONTRIBUIÇÕES | D36: % | E36: R$
A37: A | B37: INSS | D37: 0.2 | E37: =ROUND((E29+E34+E78)*D37,2) -> 476.09
A38: B | B38: Salário Educação | D38: 0.025 | E38: =ROUND((E29+E34+E78)*D38,2) -> 59.51
A39: C | B39: Seguro Acidente de Trabalho - GILRAT | D39: 0.03 | E39: =ROUND((E29+E34+E78)*D39,2) -> 71.41
A40: D | B40: SESI/SESC | D40: 0.015 | E40: =(E29+E34+E78)*D40 -> 35.70675
A41: E | B41: SENAI/SENAC | D41: 0.01 | E41: =(E29+E34+E78)*D41 -> 23.8045
A42: F | B42: SEBRAE | D42: 0.006 | E42: =(E29+E34+E78)*D42 -> 14.2827
A43: G | B43: INCRA | D43: 0.002 | E43: =(E29+E34+E78)*D43 -> 4.7609
A44: H | B44: FGTS | D44: 0.08 | E44: =ROUND((E29+E34+E78)*D44,2) -> 190.44
A45: TOTAL | D45: =SUM(D37:D44) -> 0.368 | E45: =ROUNDDOWN((SUM(E37:E44)),2) -> 876
A46: SUBMÓDULO 2.3 - BENEFÍCIOS MENSAIS E DIÁRIOS
A47: A | B47: Transporte (R$ 5 x 2 x 22 - 6% Salário) | E47: =(5*2*22)-6%*D17 -> 102.0088
A48: B | B48: Auxílio Refeição / Alimentação (R$ 23,50 x 22 - 10%) | E48: =(27*22)*0.9 -> 534.6
A49: C | B49: Assistência Médica e Familiar | E49: 0
A50: D | B50: Seguro de vida | E50: 0
A51: E | B51: Benefício Social Familiar | E51: 22.7
A52: F | B52: Outros
A53: TOTAL | E53: =ROUND(SUM(E47:E52),2) -> 659.31
A54: QUADRO - RESUMO DO MÓDULO 2 - ENCARGOS, BENEFÍCIOS ANUAIS, MENSAIS E DIÁRIOS
A55: MÓDULO 2 - ENCARGOS, BENEFÍCIOS ANUAIS, MENSAIS E DIÁRIOS
A56: 2.1 | B56: 13º Salário, Férias e Adicional de Férias | E56: =E34 -> 382.29
A57: 2.2 | B57: GPS. FGTS E OUTRAS CONTRIBUIÇÕES | E57: =E45 -> 876
A58: 2.3 | B58: BENEFÍCIOS MENSAIS E DIÁRIOS | E58: =E53 -> 659.31
B59: TOTAL | E59: =ROUND(SUM(E56:E58),2) -> 1917.6
A61: MÓDULO 3: PROVISÃO PRA RESCISÃO
A62: A | B62: Aviso Prévio Indenizado | D62: 0.00417 | E62: =ROUND($E$29*D62,2) -> 8.2
A63: B | B63: Incidência do FGTS sobre o aviso prévio indenizado. | D63: 0.00033 | E63: =E62*0.08 -> 0.656
A64: C | B64: Multa do FGTS e Constribuição Social do aviso prévio indenizado | D64: 0.0016 | E64: =ROUND($E$29*D64,2) -> 3.15
A65: D | B65: Aviso prévio trabalhado | D65: 0.01944 | E65: =ROUND($E$29*D65,2) -> 38.23
A66: E | B66: Incidência do GPS. FGTS E OUTRAS CONTRIBUIÇÕES sobre aviso prévio trabalhado | D66: =D65*D45 -> 0.00715392 | E66: =E65*D45 -> 14.06864
A67: F | B67: Multa do FGTS e Constribuição Social sobre o prévio trabalhado | D67: 0.032 | E67: =E29*D67 -> 62.92864
A68: TOTAL | D68: =SUM(D62:D67) -> 0.06469392 | E68: =SUM(E62:E67) -> 127.23328
A70: MÓDULO 4: CUSTO DE REPOSIÇÃO DE PROFISSIONAL AUSENTE
A71: 4.1 | B71: Subustituto nas Ausências Legais | D71: % | E71: R$
A72: A | B72: Subustituto na Cobertura de Férias | D72: 0.00926 | E72: =ROUND($E$29*D72,2) -> 18.21
A73: B | B73: Substituto na Cobertura de Ausencias Legais | D73: 0.00556 | E73: =ROUND($E$29*D73,2) -> 10.93
A74: C | B74: Substituto na Cobertura de Licença paternidade | D74: 0.00028 | E74: =ROUND($E$29*D74,2) -> 0.55
A75: D | B75: Substituto na Cobertura de Ausência por acidente de trabalho | D75: 0.00043 | E75: =ROUND($E$29*D75,2) -> 0.85
A76: E | B76: Substituto na Cobertura de Ausência por Afasdtamento Materinidade | D76: 0.00056 | E76: =ROUND($E$29*D76,2) -> 1.1
A77: F | B77: Substituto na Cobertura de Outras Ausencias (especificar) | D77: 0 | E77: =ROUND($E$29*D77,2) -> 0
A78: Total Submódulo 4.1 | D78: =SUM(D72:D77) -> 0.01609 | E78: =SUM(E72:E77) -> 31.64
A79: 4.2 | B79: Subustituto na Intrajornada | D79: % | E79: R$
A80: A | B80: Intervalo para repouso ou Alimentação | D80: 0 | E80: =ROUND($E$29*D80,2) -> 0
A81: Total Submódulo 4.1 | D81: 0 | E81: =ROUND($E$29*D81,2) -> 0
A83: QUADRO - RESUMO DO MÓDULO 4 - CUSTO DE REPOSIÇÃO DE PROFISSIONAL AUSENTE
A84: MÓDULO 4 - CUSTO DE REPOSIÇÃO DE PROFISSIONAL AUSENTE
A85: 4.1 | B85: Subustituto nas Ausências Legais | E85: =E78 -> 31.64
A86: 4.2 | B86: Subustituto na Intrajornada | E86: =E81 -> 0
B87: TOTAL | E87: =SUM(E85:E86) -> 31.64
A89: MÓDULO 5: INSUMOS DIVERSOS
A90: 5 | B90: Insumos Diversos | E90: Valor (R$)
A91: A | B91: Uniformes | E91: ='RIO DE JANEIRO'!E91 -> 33.864167
A92: B | B92: Materiais | E92: ='RIO DE JANEIRO'!E92 -> 2.1825
A93: C | B93: Equipamentos | E93: 0
A94: D | B94: Equipamentos de Proteção Individual | E94: 0
A95: TOTAL | E95: =ROUNDDOWN((SUM(E91:E94)),2) -> 36.04
A97: MÓDULO 6: CUSTOS INDIRETOS, TRIBUTOS E LUCRO
A98: 6 | B98: Custos indiretos, tributos e lucro | D98: % | E98: R$
A99: A | B99: Custos indiretos | D99: 0.05 | E99: =SUM(E29,E59,E68,E87,E95)*D99 -> 203.95166
A100: B | B100: Lucro | D100: 0.1 | E100: =(E114+E99)*D100 -> 428.29849
A101: C | B101: Tributos | D101: =SUM(D102:D104) -> 0.1425 | E101: 0
B102: C.1 Tributos Federais PIS | D102: 0.0165 | E102: =SUM(E29,E59,E68,E87,E95,E99,E100)/(1-D101)*D102 -> 90.654434
B103: C.2 Tributos Federais COFINS | D103: 0.076 | E103: =SUM(E29,E59,E68,E87,E95,E99,E100)/(1-D101)*D103 -> 417.55981
B104: C.3 Tributos Municipais (ISS) | D104: 0.05 | E104: =SUM(E29,E59,E68,E87,E95,E99,E100)/(1-D101)*D104 -> 274.7104
A106: TOTAL | D106: =D99+D101+D100 -> 0.2925 | E106: =ROUND(SUM(E99:E104),2) -> 1415.17
A107: Quadro Resumo do Custo por empregado
B108: Mão- de-obra vinculada à execução contratual (valor por empregado) | E108: R$
A109: A | B109: Módulo 1 – Composição da Remuneração | E109: =E29 -> 1966.52
A110: B | B110: Módulo 2 – Encargos e Benefícios Mensais e Diários | E110: =E59 -> 1917.6
A111: C | B111: Módulo 3 – Provisão para Rescição | E111: =E68 -> 127.23328
A112: D | B112: Módulo 4 – Custo de Reposição do Profissional Ausente | E112: =E87 -> 31.64
...

Sheet CAMPOS DOS GOYTACASES
A2: PLANILHA DE CUSTOS E FORMAÇÃO DE PREÇOS
A7: A | B7: Data de apresentação da proposta (dia/mês/ano)
A8: B | B8: Município/UF | D8: CAMPOS DOS GOYTACASES
A9: C | B9: Ano Acordo, Convenção ou Sentença Normativa em Dissídio Coletivo | D9: 2026/2027
A10: D | B10: Nº de meses de execução contratual | D10: 24
A11: IDENTIFICAÇÃO DOS SERVIÇOS
B12: Unidade de Medida | D12: Posto
B13: Quantidade total a contratar (em função da unidade de medida) | D13: 1
A14: RECEPCIONISTA - CABO FRIO
A15: Dados complementares para composição dos custos referente à mão-de-obra
A16: 1 | B16: Tipo de serviço (mesmo serviço com características distintas) | D16: RECEPCIONISTA
A17: 2 | B17: Salário Normativo da Categoria Profissional | D17: 1966.52
A18: 3 | B18: Categoria Profissional (vinculada à execução contratual) | D18: RECEPCIONISTA
A19: 4 | B19: Data base da categoria (dia/mês/ano) | D19: 46082
A20: 5 | B20: Regime tributário | D20: LUCRO REAL
A21: MODULO 1: COMPOSIÇÃO DA REMUNERAÇÃO
A22: 1 | B22: Composição da Remuneração | D22: % | E22: Valor (R$)
A23: A | B23: Salário | E23: 1966.52
A24: B | B24: Adicional de periculosidade | D24: 0 | E24: 0
A25: C | B25: Adicional de insalubridade | D25: 0 | E25: 0
A26: D | B26: Adicional noturno | D26: 0 | E26: 0
A27: E | B27: Adicional de hora noturna reduzida | D27: 0 | E27: 0
A28: F | B28: Outros | D28: 0 | E28: =D28*E23 -> 0
A29: TOTAL | E29: =ROUND(SUM(E23:E28),2) -> 1966.52
A30: MÓDULO 2: ENCARGOS E BENEFÍCIOS ANUAIS, MENSAIS E DIÁRIOS
A31: SUBMÓDULO 2.1 - 13º Salário, Férias e Adicional de Férias | D31: % | E31: R$
A32: A | B32: 13º Salário | D32: 0.0833 | E32: =ROUND($E$29*D32,2) -> 163.81
A33: B | B33: Adicional de Férias e Férias | D33: 0.1111 | E33: =ROUND($E$29*D33,2) -> 218.48
A34: Total do Submódulo 2.1 | D34: =SUM(D32:D33) -> 0.1944 | E34: =ROUND($E$29*D34,2) -> 382.29
A36: SUBMÓDULO 2.2 - GPS. FGTS E OUTRAS CONTRIBUIÇÕES | D36: % | E36: R$
A37: A | B37: INSS | D37: 0.2 | E37: =ROUND((E29+E34+E78)*D37,2) -> 476.09
A38: B | B38: Salário Educação | D38: 0.025 | E38: =ROUND((E29+E34+E78)*D38,2) -> 59.51
A39: C | B39: Seguro Acidente de Trabalho -GILRAT | D39: 0.03 | E39: =ROUND((E29+E34+E78)*D39,2) -> 71.41
A40: D | B40: SESI/SESC | D40: 0.015 | E40: =(E29+E34+E78)*D40 -> 35.70675
A41: E | B41: SENAI/SENAC | D41: 0.01 | E41: =(E29+E34+E78)*D41 -> 23.8045
A42: F | B42: SEBRAE | D42: 0.006 | E42: =(E29+E34+E78)*D42 -> 14.2827
A43: G | B43: INCRA | D43: 0.002 | E43: =(E29+E34+E78)*D43 -> 4.7609
A44: H | B44: FGTS | D44: 0.08 | E44: =ROUND((E29+E34+E78)*D44,2) -> 190.44
A45: TOTAL | D45: =SUM(D37:D44) -> 0.368 | E45: =ROUNDDOWN((SUM(E37:E44)),2) -> 876
A46: SUBMÓDULO 2.3 - BENEFÍCIOS MENSAIS E DIÁRIOS
A47: A | B47: Transporte (R$ 3,5 x 2 x 22 - 6% Salário) | E47: =(3.5*2*22)-6%*D17 -> 36.0088
A48: B | B48: Auxílio Refeição / Alimentação (R$ 23,50 x 22 - 10%) | E48: =(27*22)*0.9 -> 534.6
A49: C | B49: Assistência Médica e Familiar | E49: 0
A50: D | B50: Seguro de vida | E50: 0
A51: E | B51: Benefício Social Familiar | E51: 22.7
A52: F | B52: Outros
A53: TOTAL | E53: =ROUND(SUM(E47:E52),2) -> 593.31
A54: QUADRO - RESUMO DO MÓDULO 2 - ENCARGOS, BENEFÍCIOS ANUAIS, MENSAIS E DIÁRIOS
A55: MÓDULO 2 - ENCARGOS, BENEFÍCIOS ANUAIS, MENSAIS E DIÁRIOS
A56: 2.1 | B56: 13º Salário, Férias e Adicional de Férias | E56: =E34 -> 382.29
A57: 2.2 | B57: GPS. FGTS E OUTRAS CONTRIBUIÇÕES | E57: =E45 -> 876
A58: 2.3 | B58: BENEFÍCIOS MENSAIS E DIÁRIOS | E58: =E53 -> 593.31
B59: TOTAL | E59: =ROUND(SUM(E56:E58),2) -> 1851.6
A61: MÓDULO 3: PROVISÃO PRA RESCISÃO
A62: A | B62: Aviso Prévio Indenizado | D62: 0.00417 | E62: =ROUND($E$29*D62,2) -> 8.2
A63: B | B63: Incidência do FGTS sobre o aviso prévio indenizado. | D63: 0.00033 | E63: =E62*0.08 -> 0.656
A64: C | B64: Multa do FGTS e Constribuição Social do aviso prévio indenizado | D64: 0.0016 | E64: =ROUND($E$29*D64,2) -> 3.15
A65: D | B65: Aviso prévio trabalhado | D65: 0.01944 | E65: =ROUND($E$29*D65,2) -> 38.23
A66: E | B66: Incidência do GPS. FGTS E OUTRAS CONTRIBUIÇÕES sobre aviso prévio trabalhado | D66: =D65*D45 -> 0.00715392 | E66: =E65*D45 -> 14.06864
A67: F | B67: Multa do FGTS e Constribuição Social sobre o prévio trabalhado | D67: 0.032 | E67: =E29*D67 -> 62.92864
A68: TOTAL | D68: =SUM(D62:D67) -> 0.06469392 | E68: =ROUNDUP((SUM(E62:E67)),2) -> 127.24
A70: MÓDULO 4: CUSTO DE REPOSIÇÃO DE PROFISSIONAL AUSENTE
A71: 4.1 | B71: Subustituto nas Ausências Legais | D71: % | E71: R$
A72: A | B72: Subustituto na Cobertura de Férias | D72: 0.00926 | E72: =ROUND($E$29*D72,2) -> 18.21
A73: B | B73: Substituto na Cobertura de Ausencias Legais | D73: 0.00556 | E73: =ROUND($E$29*D73,2) -> 10.93
A74: C | B74: Substituto na Cobertura de Licença paternidade | D74: 0.00028 | E74: =ROUND($E$29*D74,2) -> 0.55
A75: D | B75: Substituto na Cobertura de Ausência por acidente de trabalho | D75: 0.00043 | E75: =ROUND($E$29*D75,2) -> 0.85
A76: E | B76: Substituto na Cobertura de Ausência por Afasdtamento Materinidade | D76: 0.00056 | E76: =ROUND($E$29*D76,2) -> 1.1
A77: F | B77: Substituto na Cobertura de Outras Ausencias (especificar) | D77: 0 | E77: =ROUND($E$29*D77,2) -> 0
A78: Total Submódulo 4.1 | D78: =SUM(D72:D77) -> 0.01609 | E78: =SUM(E72:E77) -> 31.64
A79: 4.2 | B79: Subustituto na Intrajornada | D79: % | E79: R$
A80: A | B80: Intervalo para repouso ou Alimentação | D80: 0 | E80: =ROUND($E$29*D80,2) -> 0
A81: Total Submódulo 4.1 | D81: 0 | E81: =ROUND($E$29*D81,2) -> 0
A83: QUADRO - RESUMO DO MÓDULO 4 - CUSTO DE REPOSIÇÃO DE PROFISSIONAL AUSENTE
A84: MÓDULO 4 - CUSTO DE REPOSIÇÃO DE PROFISSIONAL AUSENTE
A85: 4.1 | B85: Subustituto nas Ausências Legais | E85: =E78 -> 31.64
A86: 4.2 | B86: Subustituto na Intrajornada | E86: =E81 -> 0
B87: TOTAL | E87: =SUM(E85:E86) -> 31.64
A89: MÓDULO 5: INSUMOS DIVERSOS
A90: 5 | B90: Insumos Diversos | E90: Valor (R$)
A91: A | B91: Uniformes | E91: ='CABO FRIO'!E91 -> 33.864167
A92: B | B92: Materiais | E92: ='CABO FRIO'!E92 -> 2.1825
A93: C | B93: Equipamentos | E93: 0
A94: D | B94: Equipamentos de Proteção Individual | E94: 0
A95: TOTAL | E95: =ROUNDDOWN((SUM(E91:E94)),2) -> 36.04
A97: MÓDULO 6: CUSTOS INDIRETOS, TRIBUTOS E LUCRO
A98: 6 | B98: Custos indiretos, tributos e lucro | D98: % | E98: R$
A99: A | B99: Custos indiretos | D99: ='CABO FRIO'!D99 -> 0.05 | E99: =SUM(E29,E59,E68,E87,E95)*D99 -> 200.652
A100: B | B100: Lucro | D100: ='CABO FRIO'!D100 -> 0.1 | E100: =(E114+E99)*D100 -> 421.3692
A101: C | B101: Tributos | D101: =SUM(D102:D104) -> 0.1225 | E101: 0
B102: C.1 Tributos Federais PIS | D102: 0.0165 | E102: =SUM(E29,E59,E68,E87,E95,E99,E100)/(1-D101)*D102 -> 87.154997
B103: C.2 Tributos Federais COFINS | D103: 0.076 | E103: =SUM(E29,E59,E68,E87,E95,E99,E100)/(1-D101)*D103 -> 401.4412
B104: C.3 Tributos Municipais (ISS) | D104: 0.03 | E104: =SUM(E29,E59,E68,E87,E95,E99,E100)/(1-D101)*D104 -> 158.46363
A106: TOTAL | D106: =D99+D101+D100 -> 0.2725 | E106: =ROUNDUP(SUM(E99:E104),2) -> 1269.09
A107: Quadro Resumo do Custo por empregado
B108: Mão- de-obra vinculada à execução contratual (valor por empregado) | E108: R$
A109: A | B109: Módulo 1 – Composição da Remuneração | E109: =E29 -> 1966.52
A110: B | B110: Módulo 2 – Encargos e Benefícios Mensais e Diários | E110: =E59 -> 1851.6
A111: C | B111: Módulo 3 – Provisão para Rescição | E111: =E68 -> 127.24
A112: D | B112: Módulo 4 – Custo de Reposição do Profissional Ausente | E112: =E87 -> 31.64
...
